 Dungeon Crawl Stone Soup version 0.31.0-12-g77e489cdc1 (webtiles) character file.

Game seed: 12190509007867918377

30 Curundu the Ruffian (level 2, 0/22 HPs)
             Began as a Demigod Shapeshifter on Feb 16, 2024.
             Slain by a gnoll
             ... wielding a +0 spear
              (5 damage)
             ... on level 2 of the Dungeon.
             The game lasted 00:03:21 (1079 turns).

Curundu the Ruffian (Demigod Shapeshifter)          Turns: 1079, Time: 00:03:22

Health: 0/22       AC:  3    Str: 15    XL:     2   Next: 87%
Magic:  4/4        EV: 12    Int: 12    God:
Gold:   83         SH:  0    Dex: 13    Spells: 1/1 levels left

rFire   . .          .
                       - Unarmed
rCold   . . .        (no shield)
rNeg    . . .        a - +0 animal skin
rPois   .            (no helmet)
rElec   .            m - +0 cloak
rCorr   .            (no gloves)
SInv    .            (no boots)
Will    .....        (no amulet)
Stlth   +            h - +4 ring of slaying
HPRegen 0.23/turn    (no ring)
MPRegen 0.09/turn

%: no passive effects
@: no status effects
A: high MP 1, forlorn, divine attributes
a: no special abilities


You were on level 2 of the Dungeon.
You visited 1 branch of the dungeon, and saw 2 of its levels.

You collected 83 gold pieces.

Inventory:

Armour
 a - a +0 animal skin (worn)
 m - a +0 cloak (worn)
Jewellery
 h - a +4 ring of slaying (left hand)
Talismans
 c - a beast talisman
 d - a flux talisman
Scrolls
 e - 2 scrolls of enchant weapon {unknown}
 i - 2 scrolls of identify {unknown}
 j - a scroll of teleportation {unknown}
Potions
 b - a potion of lignification
 f - a potion of mutation {unknown}
 g - a potion of brilliance {unknown}
 k - a potion of resistance {unknown}
 l - a potion of haste {unknown}


   Skills:
 + Level 0.8 Fighting
 + Level 2.0 Dodging
 + Level 3.3 Unarmed Combat
 + Level 3.1 Shapeshifting


You had one spell level left.
You didn't know any spells.
Your spell library was empty.

Dungeon Overview and Level Annotations

Branches:
Dungeon (2/15)


Innate Abilities, Weirdness & Mutations

You have an increased reservoir of magic. (+10% MP)
You shall have no god before yourself.
Your divine heritage dramatically boosts your attributes as you level up.


Message History

You finish putting on your +0 cloak.
Unknown command.
A kobold is nearby!
The kobold hits you with a +0 club.
You punch the kobold!
You kill the kobold!
Things that are here:
a +0 club; 5 stones; a kobold corpse
Found a ring mail. 2 gnolls come into view.
The gnoll shouts! x2; You hear a shout!
The gnoll moves out of view.
A gnoll comes into view. It is wielding a +0 club.
The gnoll moves out of view.
A gnoll comes into view. It is wielding a +0 flail.
The gnoll hits you from afar with a +0 spear.
The gnoll hits you but does no damage. x2
You closely miss the gnoll. The gnoll hits you with a +0 spear.
You hit the gnoll.
The gnoll is moderately wounded.
The gnoll barely misses you. The gnoll hits you with a +0 spear.
You hit the gnoll.
The gnoll is moderately wounded.
The gnoll closely misses you. The gnoll hits you with a +0 spear!
* * * LOW HITPOINT WARNING * * *
The gnoll barely misses you. The gnoll attacks as it pursues you!
The gnoll closely misses you. The gnoll closely misses you.
A quokka comes into view.
Found a sling.
A rat comes into view.
The gnoll hits you from afar with a +0 spear.
* * * LOW HITPOINT WARNING * * *
A frilled lizard and an adder come into view.
Found a robe.
The adder hisses angrily.
A dart slug comes into view.
The frilled lizard hisses angrily.
The rat squeaks loudly.
You hear a shout!
The gnoll hits you from afar with a +0 spear.
You die...

###....####.##...# ..
............#....#.#
[..................#
............#......#
###....####.#..###...
#...... ..#..g.# #
#...#######.##.##.####
#...# #gg.........
..... ####@###.###
#...# #.....#
#...l.Sr. #.w.......
#.......### ##...[.##
##...##


You could see 3 gnolls, an adder, a dart slug, a frilled lizard and a rat.

Vanquished Creatures
  4 ball pythons
  4 endoplasms
  2 giant cockroaches (D:1)
  2 goblins
  4 hobgoblins
  3 kobolds
  2 quokkas (D:1)
  3 bats
  2 frilled lizards (D:1)
  A rat (D:1)
27 creatures vanquished.

Notes
Turn   | Place    | Note
-------+----------+-------------------------------------------
     0 | D:1      | Curundu the Demigod Shapeshifter began the quest for the
                  | Orb.
     0 | D:1      | Reached XP level 1. HP: 15/15 MP: 3/3
   271 | D:1      | Reached XP level 2. HP: 22/22 MP: 4/4
  1079 | D:2      | Slain by a gnoll

Illustrated notes

Levels and vault maps discovered:
D:1:      dpeg_arrival_simpleton_c, layout_loops_ring, basic_ecumenical_altar
D:2:      layout_loops_cross

Skill      XL: |  1  2 |
---------------+-------+-----
Unarmed Combat | 3 |  3.3
Shapeshifting  | 3 |  3.1
Dodging        | 2 |  2.0
Fighting       | |  0.8

Action                     || total
---------------------------++-------
  Melee: Unarmed           ||    65
         Punch             ||     1
Ability: Begin Untransform ||     1
 Armour: Animal skin       ||    36
  Dodge: Dodged            ||    43
